 Dungeon Crawl Stone Soup version 0.29.0-11-gd7f09526c8 (webtiles) character file.

Game seed: 10813496189793648174

225106 concernfroge the Fighter (level 18, -3/143 HPs)
             Began as a Mummy Monk on Sept 5, 2022.
             Was an Initiate of Gozag.
             Slain by a vault warden
             ... wielding a +2 vampiric battleaxe
              (61 damage)
             ... on level 2 of the Vaults on Sept 7, 2022.
             The game lasted 03:10:32 (39674 turns).

concernfroge the Fighter (Mummy Monk)              Turns: 39674, Time: 03:10:32

Health: -3/143     AC: 23    Str: 20    XL:     18   Next: 17%
Magic:  18/18      EV: 14    Int: 20    God:    Gozag
Gold:   2838       SH: 23    Dex: 17    Spells: 17/17 levels left

rFire   + + .      SeeInvis +   P - +10 short sword of Greed {venom, rElec rF+ Int+8 SInv}
rCold   + + .      Faith    .   B - +0 tower shield
rNeg    + + +      Spirit   .   z - +4 scale mail {rF+}
rPois   ∞          Reflect  +   g - +2 helmet "Nilaup" {rElec Will+ Regen+}
rElec   +          Harm     .   m - +1 cloak
rCorr   +          Rampage  .   y - +0 pair of fencer's gloves {Riposte Dex+3}
Will    +++..                   i - +2 pair of boots
Stlth   +.........              G - amulet "Jehen" {Reflect rCorr SH+5}
HPRegen 1.13/turn               d - ring of protection from cold
MPRegen 0.16/turn               k - ring of protection from fire

@: gold aura, studying Long Blades, bribing [the Shoals, the Snake Pit, the
Vaults]
A: cold resistance 1, negative energy resistance 3, torment resistance 2, heat
vulnerability 1, in touch with death 2, no potions
}: 2/15 runes: serpentine, barnacled
a: Renounce Religion, Potion Petition, Call Merchant, Bribe Branch


You were on level 2 of the Vaults.
You worshipped Gozag.
Gozag was most pleased with you.
You visited 7 branches of the dungeon, and saw 32 of its levels.
You also visited: Ossuary.

You collected 16586 gold pieces.
You spent 1407 gold pieces at shops.
You paid 12341 gold pieces to Gozag.

Inventory:

Hand Weapons
 a - a +5 spectral spear
 c - a +0 scythe
 P - the +10 short sword of Greed (weapon) {venom, rElec rF+ Int+8 SInv}
   (You found it on level 2 of the Dungeon)

   It poisons the flesh of those it strikes.
   Int:       It affects your intelligence (+8).
   rF:        It protects you from fire.
   rElec:     It insulates you from electricity.
   SInv:      It lets you see invisible.
Missiles
 p - 2 silver boomerangs
 x - 4 throwing nets
 C - 4 javelins (quivered)
 F - 37 poisoned darts
 H - 17 boomerangs
 L - 5 curare-tipped darts
Armour
 g - the +2 helmet "Nilaup" (worn) {rElec Will+ Regen+}
   (You acquired it on level 4 of the Lair of Beasts)

   rElec:     It insulates you from electricity.
   Regen:     It increases your rate of health regeneration.
   Will:      It increases your willpower.
 i - a +2 pair of boots (worn)
 m - a +1 cloak (worn)
 y - the +0 pair of fencer's gloves (worn) {Riposte Dex+3}
   (You acquired it on level 1 of the Lair of Beasts)

   It allows the wearer to riposte with melee weapons, swiftly retaliating
   against missed or blocked melee attacks.
   Dex:       It affects your dexterity (+3).
 z - a +4 scale mail of fire resistance (worn)
 B - a +0 tower shield (worn)
Jewellery
 b - an amulet of the acrobat
 d - a ring of protection from cold (left hand)
 k - a ring of protection from fire (right hand)
 o - a ring of protection from fire
 t - the ring of Knowledge {rC- Will+++ AC+4 Str+4 Dex+2}
   (You found it on level 2 of the Orcish Mines)

   [ring of protection]

   AC:        It affects your AC (+4).
   Str:       It affects your strength (+4).
   Dex:       It affects your dexterity (+2).
   rC:        It makes you vulnerable to cold.
   Will:      It greatly increases your willpower.
 A - an amulet of regeneration
 D - a ring of protection from cold
 G - the amulet "Jehen" (around neck) {Reflect rCorr SH+5}
   (You bought it in a shop on level 2 of the Snake Pit)

   [amulet of reflection]

   It reflects blocked missile attacks.
   rCorr:     It protects you from acid and corrosion.
   SH:        It affects your SH (+5).
 J - a ring of resist corrosion
 Q - a +4 ring of evasion
 R - a ring of willpower
Wands
 K - a wand of charming (5)
Scrolls
 e - 8 scrolls of blinking
 h - 4 scrolls of fear
 l - a scroll of brand weapon
 n - 3 scrolls of silence
 q - a scroll of poison
 s - 2 scrolls of amnesia
 u - 3 scrolls of vulnerability
 v - 2 scrolls of noise
 w - 8 scrolls of teleportation
 E - 2 scrolls of fog
 I - 2 scrolls of magic mapping
 N - 2 scrolls of immolation
 S - a scroll of enchant weapon


   Skills:
 - Level 13.3 Fighting
 + Level 9.5 Short Blades
 - Level 12.0 Polearms
 - Level 10.0 Throwing
 - Level 10.0 Armour
 - Level 12.0 Dodging
 - Level 1.5 Stealth
 - Level 12.1 Shields
 - Level 10.0 Evocations


You had 17 spell levels left.
You didn't know any spells.
Your spell library contained the following spells:

 Spells                   Type           Power      Damage    Failure   Level
 Apportation              Tloc           0%         N/A       92%         1
 Magic Dart               Conj           0%         1d3       92%         1
 Necrotise                Necr           0%         1d4       92%         1
 Sandblast                Erth           0%         2d4       92%         1
 Sting                    Tmut/Pois      0%         1d3       92%         1
 Summon Small Mammal      Summ           0%         N/A       92%         1
 Blink                    Tloc           0%         N/A       98%         2
 Ensorcelled Hibernation  Hex/Ice        0%         N/A       98%         2
 Passwall                 Tmut/Erth      0%         N/A       98%         2
 Poisonous Vapours        Pois/Air       0%         N/A       98%         2
 Searing Ray              Conj           0%         2d4       98%         2
 Static Discharge         Conj/Air       0%         3-3/arc   98%         2
 Call Canine Familiar     Summ           0%         N/A       100%        3
 Conjure Flame            Conj/Fire      0%         6-21      100%        3
 Ignite Poison            Fire/Tmut/Pois 0%         N/A       100%        3
 Lesser Beckoning         Tloc           0%         N/A       100%        3
 Portal Projectile        Hex/Tloc       0%         N/A       100%        3
 Swiftness                Air            0%         N/A       100%        3
 Anguish                  Hex/Necr       0%         N/A       100%        4
 Dispel Undead            Necr           0%         3d6       100%        4
 Fulminant Prism          Conj/Hex       0%         3d6       100%        4
 Leda's Liquefaction      Hex/Erth       0%         N/A       100%        4
 Olgreb's Toxic Radiance  Pois           0%         N/A       100%        4
 Sticky Flame             Conj/Fire      0%         2d3       100%        4
 Irradiate                Conj/Tmut      0%         3d11      100%        5
 Lightning Bolt           Conj/Air       0%         1d11      100%        5
 Manifold Assault         Tloc           0%         N/A       100%        5
 Conjure Ball Lightning   Conj/Air       0%         3x3d6     100%        6
 Dispersal                Tloc           0%         N/A       100%        6
 Iron Shot                Conj/Erth      0%         9d1       100%        6
 Disjunction              Tloc           0%         N/A       100%        8
 Maxwell's Capacitive Co  Air            0%         ∞         100%        8
 Spider Form              Tmut/Pois      Unusable   N/A       N/A         3

Dungeon Overview and Level Annotations

Branches:
Dungeon (14/15)            Temple (1/1) D:4            Lair (5/5) D:10
 Shoals (4/4) Lair:3        Snake (4/4) Lair:3        Slime (0/5) Lair:4
    Orc (2/2) D:10            Elf (0/3) Orc:2        Vaults (2/5) D:14
Ossuary (visited)
  Crypt: Vaults:2-3

Altars:
Ashenzari
Cheibriados
Dithmenos
Fedhas
Gozag
Hepliaklqana
Kikubaaqudgha
Makhleb
Nemelex Xobeh
Okawaru
Qazlal
Ru
Sif Muna
Trog
Uskayaw
Vehumet
Wu Jian
Xom
Yredelemnul

Shops:
D:4 (   D:7 (   Orc:2 (!**   Snake:2 !!?=   Vaults:2 [

Portals:
Trove: D:14 (give 6 scrolls of blinking)

Annotations:
Lair:2 exclusion: 2 downstairs
Orc:1 exclusion: downstairs


Innate Abilities, Weirdness & Mutations

You are immune to poison.
Your flesh is cold resistant. (rC+)
You are immune to negative energy. (rN+++)
You are immune to unholy pain and torment.
You are vulnerable to heat. (rF-)
You are strongly in touch with the powers of death.
You do not drink.


Message History

Your deep troll bites the vault warden!
Your deep troll claws the vault warden!
Your deep troll claws the vault warden but does no damage.
You hit the vault warden but do no damage.
The vault warden is moderately wounded.
You block the vault warden's attack.
The vault warden hits your deep troll with a +2 vampiric battleaxe!!!
Your deep troll bites the vault warden.
Your deep troll closely misses the vault warden.
Your deep troll claws the vault warden!
You hit the vault warden.
The vault warden looks as sick as possible!
The vault warden is heavily wounded.
The vault warden hits you with a +2 vampiric battleaxe!!
The vault warden hits your deep troll with a +2 vampiric battleaxe!
The vault warden is healed.
Your deep troll dies!
You puncture the vault warden!
The vault warden looks as sick as possible!
The vault warden is heavily wounded.
You block the vault warden's attack.
You puncture the vault warden!
The vault warden looks as sick as possible!
The vault warden is severely wounded.
The vault warden hits you with a +2 vampiric battleaxe!!!
* * * LOW HITPOINT WARNING * * *
[a] - 115 gold - heal wounds [b] - 100 gold - heal wounds [c] - 432 gold - heal wounds, curing and magic Purchase which effect?
You feel much better. You block the vault warden's attack.
Okay, then.
You barely miss the vault warden.
The vault warden is severely wounded.
The vault warden closely misses you.
You hit the vault warden but do no damage.
The vault warden looks as sick as possible!
The vault warden is severely wounded.
The vault warden hits you with a +2 vampiric battleaxe!!!
You die...
Your body crumbles into a pile of gold.

......#
......##############
......#....#..#....#
......#....#..#....#
......'....#..#....#
......#...##..##..^#
......#...#!...#...#
......#...'....+.$.#
......#...#....#@p.#
......#...##..##$$.#
##....#....#).#....#
#....#....#..#....#
#....#..#....#
##############


You could see a vault warden (strong, extremely poisoned).

Vanquished Creatures
  Mennas (Vaults:2)
  Jorgrun (Orc:2)
  Kirke (D:14)
  Louise (Shoals:2)
  2 orc warlords (Orc:2)
  2 ironbound preservers (Vaults:2)
  A merfolk javelineer (Shoals:1)
  A merfolk impaler (Shoals:4)
  A salamander tyrant (Snake:3)
  11 hydras
  3 boulder beetles
  2 ironbound frosthearts
  4 catoblepae (Lair:5)
  4 alligator snapping turtles
  3 satyrs
  5 anacondas
  4 centaur warriors
  6 two-headed ogres
  A merfolk aquamancer (Shoals:4)
  2 tengu warriors (D:13)
  3 naga warriors
  12 death yaks
  2 shock serpents
  3 naga sharpshooters
  Sonja (Orc:2)
  3 skeletal warriors (D:12)
  16 sea snakes
  3 salamander mystics
  8 deep trolls
  A naga ritualist (Snake:3)
  6 lindwurms
  3 ironbound convokers
  17 harpies
  4 orc knights
  A deep elf pyromancer (D:13)
  8 mana vipers
  15 ugly things
  8 fauns
  An orc sorcerer (D:10)
  6 salamanders
  14 manticores
  10 elephants
  5 merfolk sirens
  6 cyclopes
  3 naga magi
  5 water nymphs
  25 black mambas
  A vault sentinel (Vaults:2)
  2 torpor snails
  12 cane toads
  An unseen horror (D:13)
  A gargoyle (D:13)
  3 rime drakes
  3 kobold demonologists
  A queen bee (D:12)
  12 komodo dragons
  4 trolls
  6 meliai
  11 merfolk
  2 polar bears
  5 wind drakes
  Prince Ribbit (D:6)
  A hornet (D:9)
  18 blink frogs
  8 snapping turtles
  9 dream sheep
  5 slime creatures
  Sigmund (D:3)
  A centaur simulacrum (D:12)
  6 water elementals
  2 shadows
  6 wyverns
  15 humans (D:14)
  A fire bat (D:6)
  3 wraiths
  5 basilisks
  79 yaks
  4 steam dragons
  4 vampire mosquitoes (D:11)
  23 nagas
  A warg (Orc:2)
  10 water moccasins
  49 orc warriors
  An ice beast (D:7)
  14 ogres
  3 black bears
  A boggart (Vaults:2)
  3 wolves (Lair:5)
  23 centaurs
  3 phantoms
  12 bullfrogs
  2 elf zombies (Ossuary)
  8 kobold brigands
  A gnoll sergeant (D:10)
  A scorpion (D:5)
  7 wights (D:9)
  22 killer bees
  2 troll zombies (D:10)
  4 howler monkeys
  5 crimson imps
  3 centaur zombies (Ossuary)
  4 hounds
  13 orc priests
  A human zombie (Ossuary)
  4 jellies
  An iron imp (D:6)
  Ijyb (D:3)
  5 iguanas
  5 hell rats (Lair:3)
  23 orc wizards
  6 ogre zombies (D:10)
  2 mummies (Ossuary)
  6 gnolls
  9 adders
  A white imp (D:5)
  An ufetubus (D:5)
  A worm (D:4)
  A dart slug (D:4)
  69 orcs
  8 ball pythons
  5 bats
  7 endoplasms
  7 giant cockroaches
  13 goblins
  10 hobgoblins
  A quokka (D:1)
  2 frilled lizards
  6 goblin skeletons
  7 goblin zombies
  A hobgoblin skeleton (D:10)
  12 hobgoblin zombies
  2 jackal zombies
  16 kobolds
  15 kobold zombies
  6 orc skeletons
  18 orc zombies
  8 rats
  A rat zombie (Ossuary)
974 creatures vanquished.

Vanquished Creatures (collateral kills)
  2 ironbound preservers (Vaults:1)
  A merfolk impaler (Shoals:4)
  A salamander tyrant (Snake:2)
  A catoblepas (Shoals:2)
  2 boulder beetles (Vaults:1)
  2 anacondas
  3 naga warriors
  2 two-headed ogres (D:8)
  A merfolk aquamancer (Shoals:1)
  3 naga sharpshooters
  2 shock serpents (Snake:2)
  A salamander mystic (Snake:3)
  6 deep trolls (Vaults:1)
  3 sea snakes (Snake:3)
  Lodul (D:14)
  A swamp dragon (Shoals:1)
  3 naga ritualists
  2 wizards
  4 lindwurms (Vaults:1)
  2 mana vipers (Snake:4)
  An ugly thing (Vaults:2)
  A cyclops (Shoals:1)
  A faun (Shoals:1)
  6 salamanders
  2 merfolk sirens
  5 naga magi
  8 black mambas
  4 guardian serpents
  A vault sentinel (Vaults:2)
  2 yaktaurs
  A merfolk (Shoals:4)
  8 slime creatures
  A dream sheep (Shoals:1)
  5 water elementals
  8 yaks (Lair:4)
  14 nagas
  3 ogres (D:14)
  A killer bee (D:12)
  An orc priest (D:6)
  4 orcs (D:6)
  A bat (D:1)
121 creatures vanquished.

Vanquished Creatures (others)
  Polyphemus (Shoals:2)
  2 ironbound preservers (Vaults:2)
  2 merfolk avatars (Shoals:4)
  3 merfolk aquamancers
  A salamander tyrant (Snake:4)
  An ironbound frostheart (Vaults:1)
  An anaconda (Snake:3)
  3 naga warriors (Snake:4)
  2 naga sharpshooters
  A shock serpent (Snake:4)
  A salamander mystic (Snake:4)
  7 deep trolls (Vaults:2)
  A sea snake (Shoals:3)
  A naga ritualist (Snake:4)
  4 harpies
  An ironbound convoker (Vaults:1)
  3 fauns
  A cyclops (Shoals:3)
  A manticore (Shoals:1)
  8 salamanders
  A water nymph (Shoals:4)
  10 naga magi
  3 merfolk sirens
  2 black mambas
  7 merfolk
  A meliai (D:12)
  A slime creature (Vaults:2)
  2 dream sheep
  A snapping turtle (Shoals:1)
  2 water elementals
  4 yaks
  3 humans (D:14)
  9 nagas
  2 ogres (D:14)
  A centaur (D:14)
  28 fungi
  64 plants
186 creatures vanquished.

Grand Total: 1281 creatures vanquished

Notes
Turn   | Place    | Note
-------+----------+-------------------------------------------
     0 | D:1      | concernfroge the Mummy Monk began the quest for the Orb.
     0 | D:1      | Reached XP level 1. HP: 18/18 MP: 1/1
   175 | D:1      | Found a faded altar of an unknown god.
   208 | D:1      | Reached XP level 2. HP: 20/24 MP: 2/2
   527 | D:1      | Reached skill level 4 in Fighting
   813 | D:1      | Gained mutation: You are in touch with the powers of death.
                  | [Mummy growth]
   813 | D:1      | Reached XP level 3. HP: 20/31 MP: 3/3
  1703 | D:2      | Reached skill level 5 in Fighting
  1703 | D:2      | Reached XP level 4. HP: 33/39 MP: 4/4
  1758 | D:2      | Identified the +10 short sword of Greed {venom, rElec rF+
                  | Int+8 SInv}
  2164 | D:3      | Noticed Ijyb
  2205 | D:3      | Killed Ijyb
  2832 | D:3      | Noticed Sigmund
  2859 | D:3      | Killed Sigmund
  2860 | D:3      | Reached skill level 6 in Fighting
  2860 | D:3      | Reached XP level 5. HP: 31/47 MP: 5/5
  2860 | D:3      | Reached XP level 6. HP: 35/53 MP: 6/6
  2988 | D:3      | Found a sparkling altar of Nemelex Xobeh.
  3002 | D:3      | Found a hide-covered altar of Uskayaw.
  3283 | D:4      | Found Quecwusu's Antique Weapon Emporium.
  3328 | D:4      | Reached skill level 7 in Fighting
  3410 | D:4      | Found a shimmering blue altar of Sif Muna.
  3425 | D:4      | Found a staircase to the Ecumenical Temple.
  3496 | Temple   | Entered the Ecumenical Temple
  3626 | Temple   | Became a worshipper of Gozag Ym Sagoz the Greedy
  3909 | D:4      | Found a sand-covered staircase.
  3919 | Ossuary  | Entered an ossuary
  4277 | Ossuary  | Reached skill level 8 in Fighting
  4285 | Ossuary  | Reached XP level 7. HP: 49/62 MP: 7/7
  4863 | D:4      | Reached skill level 9 in Fighting
  5136 | D:4      | Found a stormy altar of Qazlal.
  5178 | D:5      | Entered Level 5 of the Dungeon
  5604 | D:5      | Reached XP level 8. HP: 66/72 MP: 8/8
  5667 | D:5      | Reached skill level 10 in Fighting
  5774 | D:5      | You fall into a shaft and drop 1 floor!
  6388 | D:6      | Noticed Duvessa
  6390 | D:6      | Noticed Dowan
  6393 | D:6      | Noticed Dowan
  6393 | D:6      | Dowan changed into Dowan the hound
  6405 | D:6      | Killed Dowan the hound
  6419 | D:6      | Noticed Duvessa
  6419 | D:6      | Duvessa changed into Duvessa the iguana
  6421 | D:6      | Killed Duvessa the iguana
  6657 | D:6      | Found the +12 pair of quick blades "Gyre" and "Gimble"
                  | {protect}
  6682 | D:6      | Found a snail-covered altar of Cheibriados.
  6779 | D:6      | Noticed Maggie
  6780 | D:6      | Noticed Maggie
  6780 | D:6      | Maggie changed into Maggie the fire bat
  6784 | D:6      | Killed Maggie the fire bat
  6785 | D:6      | Reached skill level 5 in Polearms
  6973 | D:6      | Noticed Prince Ribbit
  6981 | D:6      | Killed Prince Ribbit
  7172 | D:6      | Found an iron altar of Okawaru.
  7298 | D:6      | Reached XP level 9. HP: 69/78 MP: 9/9
  7622 | D:7      | Found Ukim's Antique Weapon Emporium.
  9632 | D:8      | Noticed a two-headed ogre
  9639 | D:8      | Killed a two-headed ogre
  9640 | D:8      | Reached XP level 10. HP: 82/85 MP: 10/10
  9647 | D:8      | Noticed a two-headed ogre
  9659 | D:8      | Killed a two-headed ogre
  9660 | D:8      | Reached skill level 10 in Polearms
  9885 | D:8      | Found a shimmering altar of Xom.
 10695 | D:9      | Got Seosto's Teachings on the Lithosphere and Bolts
 11185 | D:9      | Found an ancient bone altar of Kikubaaqudgha.
 11370 | D:9      | Found a hazy altar of Hepliaklqana.
 11576 | D:9      | Identified a scroll of acquirement
 11577 | D:9      | Acquired a manual of Dodging
 11605 | D:10     | Entered Level 10 of the Dungeon
 11818 | D:10     | Noticed a two-headed ogre
 11944 | D:10     | Found a staircase to the Lair.
 11962 | D:10     | Noticed an orc sorcerer
 11967 | D:10     | Killed an orc sorcerer
 11968 | D:10     | Reached skill level 5 in Dodging
 11968 | D:10     | Reached XP level 11. HP: 90/90 MP: 11/11
 11996 | D:10     | Found a radiant altar of Vehumet.
 11997 | D:10     | Found a burning altar of Makhleb.
 12092 | D:10     | Noticed a two-headed ogre
 12168 | D:10     | Found a staircase to the Orcish Mines.
 12420 | D:11     | Found a sparkling altar of Nemelex Xobeh.
 12892 | D:11     | Noticed a two-headed ogre
 13634 | D:11     | Noticed a boulder beetle
 13636 | D:11     | Noticed a satyr
 13636 | D:11     | a boulder beetle changed into a satyr
 13645 | D:11     | Killed a satyr
 13695 | D:11     | Reached skill level 10 in Dodging
 15073 | D:10     | Found a sacrificial altar of Ru.
 15269 | Lair:1   | Entered Level 1 of the Lair of Beasts
 15521 | Lair:1   | Acquired the +0 pair of fencer's gloves {Riposte Dex+3}
 15521 | Lair:1   | Found the +0 pair of fencer's gloves {Riposte Dex+3}
 16937 | Lair:2   | Reached skill level 1 in Throwing
 16937 | Lair:2   | Reached skill level 1 in Armour
 16937 | Lair:2   | Reached skill level 1 in Evocations
 16937 | Lair:2   | Reached XP level 12. HP: 97/97 MP: 12/12
 17137 | Lair:2   | Noticed a four-headed hydra
 17254 | Lair:3   | Noticed an eight-headed hydra
 17267 | Lair:2   | Noticed a five-headed hydra
 17280 | Lair:2   | Killed a five-headed hydra
 17418 | Lair:2   | Killed a four-headed hydra
 18534 | Lair:3   | Noticed a death yak
 18536 | Lair:3   | Noticed a death yak
 18538 | Lair:3   | Noticed a death yak
 18544 | Lair:3   | Noticed a death yak
 18554 | Lair:3   | Killed a death yak
 18562 | Lair:3   | Killed a death yak
 18564 | Lair:3   | Killed a death yak
 18701 | Lair:3   | Killed a death yak
 18702 | Lair:3   | Reached skill level 5 in Throwing
 18702 | Lair:3   | Reached skill level 5 in Armour
 18702 | Lair:3   | Reached skill level 5 in Evocations
 18819 | Lair:3   | Gained mutation: You are strongly in touch with the powers
                  | of death. [Mummy growth]
 18819 | Lair:3   | Reached XP level 13. HP: 103/103 MP: 13/13
 19020 | Lair:3   | Found a staircase to the Snake Pit.
 19523 | Lair:3   | Found a staircase to the Shoals.
 19915 | Lair:4   | Found a staircase to the Slime Pits.
 19920 | Lair:4   | Acquired the +2 helmet "Nilaup" {rElec Will+ Regen+}
 20668 | Lair:4   | Acquired 1142 gold pieces
 21135 | Lair:5   | Entered Level 5 of the Lair of Beasts
 21673 | Lair:5   | Reached XP level 14. HP: 64/110 MP: 14/14
 24358 | Orc:1    | Entered Level 1 of the Orcish Mines
 24715 | Orc:2    | Entered Level 2 of the Orcish Mines
 24740 | Orc:2    | Noticed Sonja
 24757 | Orc:2    | Killed Sonja
 24935 | Orc:1    | Noticed an orc warlord
 25289 | Orc:2    | Noticed an orc warlord
 25421 | Orc:2    | Noticed Jorgrun
 25430 | Orc:2    | Killed Jorgrun
 25431 | Orc:2    | Reached XP level 15. HP: 72/115 MP: 15/15
 25542 | Orc:2    | Killed an orc warlord
 25672 | Orc:2    | Found a staircase to the Elven Halls.
 25941 | Orc:2    | Noticed an orc warlord
 26176 | Orc:2    | Killed an orc warlord
 26427 | Orc:2    | Identified the ring of Knowledge {rC- Will+++ AC+4 Str+4
                  | Dex+2}
 26548 | Orc:2    | Found Busuv's Distillery.
 26548 | Orc:2    | Found Rino's General Store.
 26550 | Orc:2    | Found Udworat's General Store.
 26552 | Orc:2    | Found Wuloq's Weapon Boutique.
 26557 | Orc:2    | Bought a scroll of teleportation for 42 gold pieces
 26557 | Orc:2    | Bought a scroll of blinking for 105 gold pieces
 26557 | Orc:2    | Bought a scroll of fear for 56 gold pieces
 26559 | Orc:2    | Bought a wand of polymorph (6) for 92 gold pieces
 26559 | Orc:2    | Bought a scroll of magic mapping for 82 gold pieces
 26559 | Orc:2    | Bought a scroll of fog for 44 gold pieces
 26564 | Orc:2    | Bought 6 poisoned darts for 28 gold pieces
 26747 | Shoals:1 | Entered Level 1 of the Shoals
 26763 | Shoals:2 | Noticed Polyphemus
 26785 | Shoals:2 | Your ally Polyphemus died
 27039 | Shoals:1 | Reached skill level 10 in Evocations
 27069 | Shoals:1 | Reached skill level 10 in Throwing
 27069 | Shoals:1 | Reached skill level 10 in Armour
 27256 | Shoals:1 | Reached skill level 11 in Fighting
 28347 | Shoals:2 | Reached skill level 12 in Fighting
 28747 | Shoals:2 | Noticed Louise
 28767 | Shoals:2 | Killed Louise
 29052 | Shoals:3 | Reached skill level 1 in Shields
 29651 | Shoals:3 | Reached XP level 16. HP: 121/129 MP: 16/16
 29773 | Shoals:4 | Entered Level 4 of the Shoals
 29897 | Shoals:4 | Reached skill level 5 in Shields
 30593 | Shoals:4 | Identified the +1 pair of gloves of Yredelemnul's Envy
                  | {Drain rPois Stlth+}
 30801 | Shoals:4 | Acquired 855 gold pieces
 30846 | Shoals:4 | Identified the +9 falchion "Deecikuy" {vorpal, rF- Will+
                  | Str+4}
 30866 | Shoals:4 | Got a barnacled rune of Zot
 31072 | Snake:1  | Entered Level 1 of the Snake Pit
 31597 | Snake:2  | Identified the +1 robe of Pathos {rF+}
 31621 | Snake:2  | Found Mezasif's Distillery.
 31625 | Snake:2  | Found Cewoesun's Magic Scroll Boutique.
 31625 | Snake:2  | Found Koxouch's Distillery.
 31631 | Snake:2  | Found Afiuga's Jewellery Boutique.
 31650 | Snake:2  | Bought a scroll of torment for 114 gold pieces
 31650 | Snake:2  | Bought a scroll of teleportation for 36 gold pieces
 31650 | Snake:2  | Bought a scroll of teleportation for 36 gold pieces
 31650 | Snake:2  | Bought a scroll of vulnerability for 48 gold pieces
 31658 | Snake:2  | Bought the amulet "Jehen" {Reflect rCorr SH+5} for 724 gold
                  | pieces
 33189 | Snake:3  | Reached skill level 10 in Shields
 33798 | Snake:3  | Reached XP level 17. HP: 134/135 MP: 17/17
 34259 | Snake:4  | Entered Level 4 of the Snake Pit
 34758 | Snake:4  | Got a serpentine rune of Zot
 34999 | Snake:4  | Reached skill level 13 in Fighting
 35896 | D:13     | Reached skill level 1 in Short Blades
 36784 | D:14     | Noticed Lodul
 36797 | D:14     | Killed Lodul
 37002 | D:14     | Found a portal to a secret trove of treasure.
 37166 | D:14     | Noticed Kirke
 37223 | D:14     | Killed Kirke
 37224 | D:14     | Reached skill level 5 in Short Blades
 37578 | D:14     | Found a gate to the Vaults.
 37760 | Vaults:1 | Entered Level 1 of the Vaults
 39246 | Vaults:2 | Reached XP level 18. HP: 143/143 MP: 18/18
 39270 | Vaults:2 | Noticed Mennas
 39281 | Vaults:2 | Killed Mennas
 39335 | Vaults:2 | Found Unliker's Armour Shoppe.
 39674 | Vaults:2 | Slain by a vault warden

Illustrated notes

Levels and vault maps discovered:
D:1:      kennysheep_arrival_seaside, layout_basic,
          ebering_ecumenical_altar_box, nicolae_figureground_pulse
D:2:      layout_basic
D:3:      layout_loops_ring, mainiacjoe_overflow_catwalk_spiral, minivault_25,
          kennysheep_generic_room_7, uniq_sigmund, uniq_ijyb
D:4:      layout_layer_cave, led_sif_book, nicolae_qazlal_eye_of_the_storm,
          minmay_temple_entry_stoned_glass, serial_shops,
          nicolae_shop_behind_doors, serial_rivers,
          chequers_serial_rivers_small_b, chequers_serial_rivers_large_b,
          chequers_serial_rivers_small_3, chequers_serial_rivers_small_a,
          enter_ossuary_3, grunt_ministairs_1
D:5:      layout_basic
D:6:      layout_gridville, cheibriados_altar_1, lemuel_tele_altar,
          nicolae_tso_besieged_by_evil, portal_sewer_entry_d, uniq_maggie,
          uniq_duvessa, uniq_prince_ribbit1
D:7:      layout_cave_pods, enter_bailey_5, serial_shops, nicolae_shop_stone
D:8:      layout_layer_cave, led_xom_imps
D:9:      layout_roguey, mainiacjoe_overflow_six_doors_small,
          mainiacjoe_overflow_24_doors, marbit_many_paths
D:10:     layout_irregular_city, grunt_temple_overflow_lords_of_destruction,
          nicolae_ru_sacrificial_ziggurat, lair_entry_dummy, zombieorc2_lemuel
D:11:     layout_layer_cave, nemelex_spade_bored_becter
D:12:     layout_basic, special_room [special_room_bee], grunt_ministairs_2
D:13:     layout_loops_ring
D:14:     layout_small_grid, david_vaults_3, nicolae_trove_entry_columns,
          minmay_misc_feat_diagonals, uniq_lodul, uniq_kirke
Temple:   hellmonk_temple_beads
Lair:1:   layout_layer_cave, st_stairs_9
Lair:2:   layout_cave_pods, nicolae_quartered_pool_little, grunt_megastairs_4,
          infiniplex_staircase_pool
Lair:3:   layout_cave_pods, shoals_dummy_entry, guppyfry_snake_entry_island,
          grunt_megastairs_2
Lair:4:   layout_long_grid, slime_entry_1
Lair:5:   evilmike_catoblepas_cave, layout_cave_shapes, grunt_megastairs_3
Shoals:1: layout_shoals
Shoals:2: layout_shoals, uniq_polyphemus, uniq_louise
Shoals:3: layout_shoals
Shoals:4: shoals_end_simple, layout_shoals, nicolae_splish_splash
Snake:1:  layout_layer_cave, serial_bayou_shore_b, nicolae_integral_box
Snake:2:  layout_onion_interference, st_stairs_5, minmay_shoptagon
Snake:3:  layout_gridlike, minmay_snake_pond, serial_bayou_shore_b,
          lemuel_fruit_tree
Snake:4:  snake_pit, layout_cave_shapes, grunt_ministairs_9,
          serial_bayou_shore_b
Orc:1:    layout_caves
Orc:2:    st_orc_rangers, layout_caves, minmay_orc_treasury, uniq_sonja,
          uniq_jorgrun
Vaults:1: infiniplex_enter_wizlab_spiral, nicolae_vaults_bisected_slash,
          hangedman_vaults_maws, grunt_vaults_trifunnel,
          hangedman_vaults_corner_blocks, nicolae_vaults_specimen_jars,
          nicolae_vaults_network_quinsquares
          [nicolae_vaults_network_quincunx_subvault,
          nicolae_vaults_network_quincunx_subvault,
          nicolae_vaults_network_quincunx_subvault,
          nicolae_vaults_network_quincunx_subvault],
          nicolae_vaults_shelves_hall, vaults_dpeg_encased_lava,
          hangedman_vaults_stretched_pinwheel, v_misc_10,
          nicolae_vaults_shelves_hall, v_pattern_3, layout_vaults_ring
Vaults:2: hangedman_vaults_variations, vaults_dpeg_doors, ontoclasm_vaults_spin,
          v_alt_pattern_6, v_misc_29, nicolae_vaults_network_square,
          nicolae_vaults_display_case, v_misc_11, v_misc_17,
          nicolae_vaults_circle_grid_b, layout_vaults_omnigrid, serial_shops,
          shop_fountains, uniq_mennas

Skill      XL: |  1  2  3  4  5  6  7  8  9 10 11 12 13 14 15 16 17 18 |
---------------+-------------------------------------------------------+-----
Fighting       | 4 5 6 8 9 10 12 13 | 13.3
Polearms       | 6 9 12 | 12.0
Dodging        | 5 12 | 12.0
Throwing       | 1 5 7 9 10 | 10.0
Armour         | 1 5 7 9 10 | 10.0
Evocations     | 1 5 7 9 10 | 10.0
Shields        | 4 11 12 | 12.1
Short Blades   | 8 9 |  9.5
Stealth        | |  1.5

Action                   |  1- 3 |  4- 6 |  7- 9 | 10-12 | 13-15 | 16-18 || total
-------------------------+-------+-------+-------+-------+-------+-------++-------
Melee: Spear             |   116 |   216 |   263 |   758 |  1675 |   682 ||  3710
       Punch             |     1 |     1 |     2 |    11 |    25 |       ||    40
       Short sword       |       |       |       |       |       |   532 ||   532
Throw: Boomerang         |     2 |    43 |     8 |    21 |   240 |    26 ||   340
       Dart              |       |       |       |    53 |   182 |    42 ||   277
       Throwing net      |       |       |       |       |     2 |     1 ||     3
       Javelin           |       |       |       |       |       |    12 ||    12
Invok: Potion Petition   |       |       |       |       |     5 |     5 ||    10
       Bribe Branch      |       |       |       |       |     1 |     2 ||     3
Evoke: Wand              |       |       |    10 |    15 |    32 |    11 ||    68
  Use: Scroll            |     1 |    10 |     6 |    12 |    15 |     7 ||    51
 Stab: Sleeping          |     3 |       |       |       |       |       ||     3
       Distracted        |       |     3 |     5 |    23 |    66 |    23 ||   120
       Petrified         |       |       |       |       |     6 |       ||     6
       Held in net/web   |       |       |       |       |       |     2 ||     2
       Paralysed         |       |       |       |       |       |     1 ||     1
Armor: Robe              |     9 |       |       |       |       |       ||     9
       Chain mail        |       |    88 |    80 |    97 |    12 |       ||   277
       Plate armour      |       |       |       |       |   221 |       ||   221
       Scale mail        |       |       |       |       |   168 |   278 ||   446
Dodge: Dodged            |    47 |    47 |    56 |   117 |   501 |   342 ||  1110
Block: Tower shield      |       |       |       |       |    67 |   970 ||  1037
       Reflection        |       |       |       |       |       |    71 ||    71
       Rpst.: Spear      |       |       |       |    19 |   122 |   155 ||   296
       Short sword       |       |       |       |       |       |   163 ||   163
